 Dungeon Crawl Stone Soup version 0.30.0-5-g1a98f26d00 (webtiles) character file.

Game seed: 16911955271840188631

47 Gabide the Ruffian (level 3, -2/29 HPs)
             Began as a Mummy Berserker on May 9, 2023.
             Was a Believer of Trog.
             Slain by Terence
             ... wielding a +0 falchion
              (8 damage)
             ... on level 2 of the Dungeon.
             The game lasted 00:02:01 (1269 turns).

Gabide the Ruffian (Mummy Berserker)                Turns: 1269, Time: 00:02:02

Health: -2/29      AC:  2    Str: 22    XL:     3   Next: 48%
Magic:  3/3        EV: 12    Int:  6    God:    Trog [**....]
Gold:   106        SH:  0    Dex: 11    Spells: 2/2 levels left

rFire   x .          .
                       - Unarmed
rCold   + . .        (no shield)
rNeg    + + +        a - +0 animal skin
rPois   ∞            (no helmet)
rElec   .            (no cloak)
rCorr   .            (no gloves)
SInv    .            (no boots)
Will    .....        (no amulet)
Stlth   +            (no ring)
HPRegen 0.24/turn    (no ring)
MPRegen 0.08/turn

%: faith
@: no status effects
A: cold resistance 1, negative energy resistance 3, torment resistance 2, heat
vulnerability 1, in touch with death 1, no potions, faith
a: Renounce Religion, Trog's Hand


You were on level 2 of the Dungeon.
You worshipped Trog.
Trog was pleased with you.
You visited 1 branch of the dungeon, and saw 2 of its levels.

You collected 106 gold pieces.

Inventory:

Missiles
 c - 3 javelins
 d - 2 boomerangs (quivered)
Armour
 a - a +0 animal skin (worn)
Scrolls
 b - 2 scrolls of identify {unknown}
 e - a scroll of torment {unknown}
 f - a scroll of summoning {unknown}


   Skills:
 - Level 3.0 Fighting
 - Level 1.5 Armour
 - Level 1.5 Dodging
 + Level 3.7 Unarmed Combat


You had 2 spell levels left.
You didn't know any spells.
Your spell library was empty.

Dungeon Overview and Level Annotations

Branches:
Dungeon (2/15)

Altars:

Shops:
D:1 :

Annotations:
D:2 Terence


Innate Abilities, Weirdness & Mutations

You are immune to poison.
Your flesh is cold resistant. (rC+)
You are immune to negative energy. (rN+++)
You are immune to unholy pain and torment.
You are vulnerable to heat. (rF-)
You are in touch with the powers of death.
You do not drink.
You have a special connection with the divine. (Faith)


Message History

No target in view!
No target in view!
No target in view!
No target in view!
No target in view!
f - a scroll labelled HESYAR BIONI You see here a stone.
Key pressed, stopping explore.
Found a stone staircase leading up.
There is a stone staircase leading up here.
Terence the Incautious comes into view.
He is wielding a +0 falchion.
Found a book of Blood.
Terence moves out of view.
Terence is nearby!
Terence is nearby!
You hit Terence but do no damage. Your punch misses Terence.
Terence completely misses you.
You hit Terence.
Terence is moderately wounded.
Terence hits you with a +0 falchion!
You hit Terence but do no damage.
Terence is moderately wounded.
Terence drinks a potion.
Terence goes berserk!
You barely miss Terence.
Terence is moderately wounded.
Terence closely misses you.
You hit Terence.
Terence is heavily wounded.
Terence completely misses you.
You hit Terence.
Terence is severely wounded.
Terence closely misses you. Terence hits you with a +0 falchion.
You hit Terence but do no damage.
Terence is heavily wounded.
Terence misses you.
You hit Terence.
Terence is severely wounded.
Terence hits you with a +0 falchion!
* * * LOW HITPOINT WARNING * * *
Terence hits you with a +0 falchion!
You die...

#.......# #.# ###.#
#######.# #.# #...##
#.# #.# #.#..## #.. #.#
#.#...# ...
####.#####.#.#'#
#..........<##.#
#.#######..##...
#..#####.#######)##..⌠.
#....@@......##...##...
##.#####.#.:##.....##.#
#.##+#...8...#'' #.#
##.....##[# ###
##...##... ##'##....
##...##... ##.....##.#
+.......#'#


You could see Terence (berserk).

Vanquished Creatures
  3 dart slugs
  7 ball pythons
  7 endoplasms
  2 giant cockroaches (D:1)
  2 goblins (D:2)
  6 hobgoblins
  2 kobolds (D:1)
  A quokka (D:2)
  4 bats
  2 rats
36 creatures vanquished.

Notes
Turn   | Place    | Note
-------+----------+-------------------------------------------
     0 | D:1      | Gabide the Mummy Berserker began the quest for the Orb.
     0 | D:1      | Reached XP level 1. HP: 18/18 MP: 1/1
   156 | D:1      | Reached XP level 2. HP: 24/24 MP: 2/2
   377 | D:1      | Reached ** piety under Trog
   477 | D:1      | Found Zaymet's Vocational Training.
   729 | D:2      | Gained mutation: You are in touch with the powers of death.
                  | [Mummy growth]
   729 | D:2      | Reached XP level 3. HP: 22/29 MP: 3/3
  1258 | D:2      | Noticed Terence
  1269 | D:2      | Slain by Terence

Illustrated notes

Levels and vault maps discovered:
D:1:      heliophobic_arrival_enchanted_forest, layout_rooms,
          nicolae_shop_vocational
D:2:      layout_loops_ring, hangedman_abyss_or_decor_lesser_grid,
          nicolae_hexahallways, uniq_terence

Skill      XL: |  1 |
---------------+----+-----
Unarmed Combat | 3 |  3.7
Fighting       | |  3.0
Armour         | |  1.5
Dodging        | |  1.5

Action                     || total
---------------------------++-------
  Melee: Unarmed           ||   147
  Throw: Boomerang         ||     1
    Use: Scroll            ||     2
   Stab: Distracted        ||     1
 Armour: Animal skin       ||    29
  Dodge: Dodged            ||   101
